[Event "European Women Rapid-ch 2023"]
[Site "Monaco"]
[Date "2024.01.14"]
[Round "8.15"]
[White "Haussernot, Cecile"]
[Black "Bensdorp-De Labaca, Marlies"]
[Result "0-1"]
[ECO "B01"]
[WhiteElo "2136"]
[BlackElo "2237"]
[Annotator "TA"]
[PlyCount "76"]
[EventDate "2023.12.19"]
[EventType "swiss"]
[EventCountry "MNC"]
[SourceTitle "playchess.com"]
[Source "ChessBase"]
[SourceQuality "1"]
[TimeControl "900+10"]

1. e4 d5 2. exd5 Qxd5 3. Nc3 Qa5 4. d4 Nf6 5. Nf3 Bf5 6. Bd2 e6 7. Bc4 {[%emt 0:00:07][%cal Oc3d5] [#] Threatens to win with Nd5!} Bb4 {[%emt 0:00:05] OK} 8. a3 {[%emt 0:01:11] OK} Bxc3 {[%emt 0:00:02] OK. White has an edge.} 9. Bxc3 Qb6 {[%emt 0:00:02] OK} 10. Ne5 {[%emt 0:02:10] Inaccurate} Nc6 {[%emt 0:02:04] OK} 11. O-O {[%emt 0:00:52] OK} O-O {[%emt 0:00:14] OK} 12. Nxc6 {[%emt 0:01:07] OK} Qxc6 13. Qe2 a6 {[%emt 0:00:35] Inaccurate} 14. Rad1 {[%emt 0:00:45] Mistake (0.8)} (14. Bb3 $11) 14... Rad8 {[%emt 0:01:45] Mistake (1.0)} (14... Bxc2 $17 15. Rc1 Be4) 15. Rfe1 {[%emt 0:01:42] Mistake (0.9)} (15. Bb4 $11) 15... Rd7 {[%emt 0:00:39] Black is more active. Mistake (0.7)} (15... Bxc2 $17 16. Rc1 Be4) 16. Bd3 {[%emt 0:00:18] Inaccurate} Bxd3 17. Rxd3 Nd5 {[%emt 0:01:01] OK} 18. Qe4 {[%emt 0:02:39] Repels Nf4} Qb6 19. Rh3 {[%emt 0:00:36][%csl Gh3][%cal Re4h7] [#] OK} g6 {[%emt 0:00:41] Inaccurate} 20. Qh4 f5 {[%emt 0:00:25] OK} 21. Bd2 {[%emt 0:00:21] Mistake (1.2)} (21. Qg5 $11) 21... Nf6 {[%emt 0:03:01] Mistake (1.4)} (21... Qxb2 $17 22. Bh6 Re8) 22. Bb4 {[%emt 0:00:15] Mistake (1.0)} (22. Rd3 $11 {remains equal.}) 22... Rff7 {[%emt 0:00:03] Mistake (1.0)} ({Black should play} 22... Rxd4 $17 23. Qh6 Rf7) 23. Bc5 {[%emt 0:00:21] Mistake (1.5)} (23. Bc3 $11) 23... Qxb2 $17 {[%emt 0:01:18] ...b6 would now be deadly. Best (Easy)} 24. Rb3 {[%emt 0:00:05] OK} Qxc2 $40 {[%emt 0:00:05][%mdl 128] Black has strong attack. OK} 25. Rxb7 {[%emt 0:00:02][%cal Of2f3] OK} Rd8 {[%emt 0:00:50] Mistake (1.2)} (25... Ne4 $17 26. Rb8+ Kg7) 26. h3 Qc4 {[%emt 0:00:38] Inaccurate} 27. Qg5 {[%emt 0:00:14] Inaccurate} Qd5 {[%emt 0:00:13] OK} 28. Reb1 Kg7 29. Qf4 {[%emt 0:00:07] OK} Qc6 {[%emt 0:00:20] Inaccurate} 30. Rb8 {[%emt 0:00:07] Mistake (0.7)} ({White should try} 30. f3 $11) 30... Rfd7 {[%emt 0:00:12] Mistake (0.7)} ({Better is} 30... Rxb8 $15 31. Rxb8 Qe4 32. Qxe4 Nxe4) 31. h4 {[%emt 0:00:06] Mistake (0.8)} (31. f3 $11 {keeps the balance.}) 31... Qe4 (31... Rxb8 $5 {simplifies} 32. Rxb8 Qe4 33. Qxe4 Nxe4 34. Rc8 Nc3) 32. Qg3 {[%emt 0:00:25][%mdl 8192] This move loses the game for White. Loses game (8.8)} (32. Qxe4 $15 Nxe4 33. Rxd8 Rxd8 34. Rb7) 32... Rxb8 $19 {[%emt 0:00:33] Best (Easy)} 33. Rxb8 {[%emt 0:00:13] Inaccurate} Qe1+ 34. Kh2 Ng4+ 35. Qxg4 fxg4 36. Bf8+ Kf7 37. Bh6 Rxd4 38. Rh8 Qe5+ {[%emt 0:00:04] Weighted Error Value: White=0.99/Black=0.31.  Loses game:     	White=1     	---        Mistake:       	White=7     	Black=6      Inaccurate:     	White=4     	Black=4      OK:         	White=7     	Black=9      Best:        	---       	Black=2} (38... Qxf2 39. Rf8+ (39. Rxh7+ Kg8 40. Rg7+ Kh8) 39... Ke7 40. Rxf2 $18) 0-1

[Event "European Women Rapid-ch 2023"]
[Site "Monaco"]
[Date "2024.01.14"]
[Round "8.16"]
[White "Guillo Longares, Cecilia"]
[Black "Kulon, Klaudia"]
[Result "0-1"]
[ECO "E62"]
[WhiteElo "2096"]
[BlackElo "2323"]
[Annotator "RC"]
[PlyCount "114"]
[EventDate "2023.12.19"]
[EventType "swiss"]
[EventCountry "MNC"]
[SourceTitle "playchess.com"]
[Source "ChessBase"]
[SourceQuality "1"]
[TimeControl "900+10"]

1. d4 Nf6 2. c4 g6 3. Nf3 Bg7 4. g3 O-O 5. Bg2 d6 6. Nc3 Nc6 7. d5 Na5 8. b3 c6 9. Bb2 cxd5 10. cxd5 Bd7 11. O-O b5 12. a3 Rc8 13. Nd4 Qb6 14. Qd3 a6 15. Na2 Ng4 16. h3 Ne5 17. Qe3 Nac4 18. bxc4 Nxc4 19. Qxe7 Rc7 20. Bc3 Bxd4 21. Bxd4 Qxd4 22. Nb4 Re8 23. Nc6 Rxc6 24. Qxd7 Rcc8 25. e3 Qb6 26. Qg4 Ne5 27. Qe2 Rc3 28. Rfc1 Rec8 29. Qd2 Rxc1+ 30. Rxc1 Rxc1+ 31. Qxc1 Qc5 32. Qa1 a5 33. g4 b4 34. axb4 axb4 35. g5 Qc3 36. Qxc3 bxc3 37. Be4 Nf3+ 38. Kg2 c2 39. Bxc2 Ne1+ 40. Kf1 Nxc2 41. Ke2 Kf8 42. Kd3 Na3 43. f4 Ke7 44. e4 Kd7 45. Kd4 Kc7 46. e5 Nc2+ 47. Ke4 Kd7 48. Kd3 Nb4+ 49. Kc4 Na6 50. h4 Nc5 51. Kd4 Kc7 52. Kc4 Ne4 53. Kd3 Ng3 54. Kc4 Nf5 55. e6 fxe6 56. dxe6 Kd8 57. Kd5 Ke7 0-1

[Event "European Women Rapid-ch 2023"]
[Site "Monaco"]
[Date "2024.01.14"]
[Round "8.17"]
[White "Guichard, Pauline"]
[Black "Rodriguez Redondo, Adhara"]
[Result "1-0"]
[ECO "E51"]
[WhiteElo "2385"]
[BlackElo "2130"]
[Annotator "RC"]
[PlyCount "79"]
[EventDate "2023.12.19"]
[EventType "swiss"]
[EventCountry "MNC"]
[SourceTitle "playchess.com"]
[Source "ChessBase"]
[SourceQuality "1"]
[TimeControl "900+10"]

1. d4 Nf6 2. c4 e6 3. Nc3 Bb4 4. e3 O-O 5. Bd3 d5 6. a3 Be7 7. Nf3 Nbd7 8. O-O b6 9. cxd5 exd5 10. b4 a6 11. Qc2 Bb7 12. Bb2 Bd6 13. b5 a5 14. a4 Qe7 15. Qb3 Rfe8 16. Ba3 Ne4 17. Nxd5 Qe6 18. Bc4 Qg6 19. Bxd6 Nxd6 20. Nf4 Qh6 21. Bd5 Nf6 22. Bxb7 Nxb7 23. Rac1 Rac8 24. Rc6 Nd8 25. Rc2 Ne6 26. Nxe6 Rxe6 27. Rfc1 Re7 28. Rc6 Qh5 29. Rxb6 Rce8 30. Rbc6 Ne4 31. Rxc7 g5 32. Rxe7 Rxe7 33. Qd5 Kg7 34. b6 Qh6 35. Rc6 Qh5 36. b7 Rxb7 37. Qxe4 Qg4 38. Qe5+ Kf8 39. h3 Qd7 40. Qc5+ 1-0

[Event "European Women Rapid-ch 2023"]
[Site "Monaco"]
[Date "2024.01.14"]
[Round "8.18"]
[White "Javakhishvili, Lela"]
[Black "Pavlidou, Ekaterini"]
[Result "1-0"]
[ECO "E12"]
[WhiteElo "2433"]
[BlackElo "2206"]
[Annotator "RC"]
[PlyCount "75"]
[EventDate "2023.12.19"]
[EventType "swiss"]
[EventCountry "MNC"]
[SourceTitle "playchess.com"]
[Source "ChessBase"]
[SourceQuality "1"]
[TimeControl "900+10"]

1. d4 Nf6 2. Nf3 e6 3. c4 b6 4. a3 Ba6 5. Qc2 c5 6. d5 exd5 7. cxd5 d6 8. Nc3 Nbd7 9. g3 h6 10. Bg2 g5 11. O-O Bg7 12. Re1 b5 13. h4 g4 14. Nh2 Qe7 15. Nf1 O-O 16. Ne3 b4 17. axb4 cxb4 18. Rxa6 bxc3 19. Nf5 Qd8 20. Rxd6 Rc8 21. bxc3 Ne8 22. Rc6 Nb6 23. Nxh6+ Kh8 24. Nxg4 f5 25. Ne3 Nd6 26. Ba3 Rxc6 27. dxc6 f4 28. gxf4 Nbc8 29. Rd1 Qxh4 30. Nd5 Bh6 31. c4 Rf7 32. Bb2+ Bg7 33. Rd3 Kg8 34. Rh3 Qg4 35. Rg3 Qh4 36. Rh3 Qd8 37. Qh7+ Kf8 38. Qh8+ 1-0

[Event "European Women Rapid-ch 2023"]
[Site "Monaco"]
[Date "2024.01.14"]
[Round "8.19"]
[White "De Seroux, Camille"]
[Black "Zimina, Olga"]
[Result "0-1"]
[ECO "C48"]
[WhiteElo "2075"]
[BlackElo "2291"]
[Annotator "RC"]
[PlyCount "88"]
[EventDate "2023.12.19"]
[EventType "swiss"]
[EventCountry "MNC"]
[SourceTitle "playchess.com"]
[Source "ChessBase"]
[SourceQuality "1"]
[TimeControl "900+10"]

1. Nc3 e5 2. Nf3 Nc6 3. e4 Nf6 4. Bb5 Bd6 5. O-O O-O 6. d3 h6 7. Ne2 Re8 8. Ng3 Bf8 9. h3 g6 10. b3 Nd4 11. Bc4 c6 12. c3 Nxf3+ 13. Qxf3 b5 14. Bxf7+ Kxf7 15. d4 d6 16. Rd1 Qc7 17. c4 Bg7 18. cxb5 cxb5 19. Ba3 Kg8 20. Rac1 Qf7 21. Bxd6 exd4 22. Rc7 Nd7 23. Qd3 Qe6 24. e5 Nxe5 25. Qxb5 Bd7 26. Qc5 d3 27. Ne4 Nf7 28. f3 Nxd6 29. Nxd6 Re7 30. Ne4 Be5 31. Rxa7 Rxa7 32. Qxa7 Bc6 33. Qe3 Bb5 34. Qxh6 Qf5 35. Re1 Bf4 36. Qh4 g5 37. Qh6 Re6 38. Qh5 d2 39. Rd1 Be3+ 40. Kh1 Be2 41. Ng3 Qc2 42. Nxe2 Qxd1+ 43. Kh2 Qxe2 44. Qg4 Bf4+ 0-1

[Event "European Women Rapid-ch 2023"]
[Site "Monaco"]
[Date "2024.01.14"]
[Round "8.20"]
[White "Hrebenshchykova, Yelyzaveta"]
[Black "Khurtsilava, Inga"]
[Result "1/2-1/2"]
[ECO "B38"]
[WhiteElo "2275"]
[BlackElo "2186"]
[Annotator "RC"]
[PlyCount "142"]
[EventDate "2023.12.19"]
[EventType "swiss"]
[EventCountry "MNC"]
[SourceTitle "playchess.com"]
[Source "ChessBase"]
[SourceQuality "1"]
[TimeControl "900+10"]

1. e4 c5 2. Nf3 Nc6 3. d4 cxd4 4. Nxd4 g6 5. c4 Bg7 6. Be3 Nf6 7. Nc3 O-O 8. Be2 d6 9. O-O Bd7 10. h3 a6 11. Qc2 Rc8 12. Nxc6 Bxc6 13. a4 a5 14. Rad1 Nd7 15. Bg4 Qe8 16. Bd4 Rc7 17. Bxd7 Rxd7 18. Bxg7 Kxg7 19. b3 f5 20. Nd5 e5 21. f4 exf4 22. Rxf4 Qe5 23. Rdf1 Rdf7 24. exf5 Bxd5 25. cxd5 Rxf5 26. Rxf5 gxf5 27. Qc7+ Rf7 28. Qxa5 Qe3+ 29. Kh1 Qxb3 30. Qd2 Qg3 31. Rf3 Qh4 32. Qc3+ Kh6 33. Qe3+ f4 34. Qe6+ Qf6 35. Rd3 Kg5 36. Kh2 Re7 37. Qg4+ Kh6 38. Rf3 Re4 39. a5 Rd4 40. Qe6 Qxe6 41. dxe6 Kg5 42. Rb3 Re4 43. Rxb7 Rxe6 44. Rxh7 Re5 45. a6 Ra5 46. a7 Kf6 47. h4 Ra3 48. Rd7 Ke6 49. Rb7 Kf5 50. Rd7 Kg4 51. Rxd6 Rxa7 52. Rd4 Ra2 53. h5 Kg5 54. Rd5+ Kg4 55. Rd4 Ra5 56. h6 Rh5+ 57. Kg1 Rxh6 58. Rd3 Ra6 59. Kf2 Ra2+ 60. Kf1 Rb2 61. Ra3 Rd2 62. Rb3 Rc2 63. Ra3 Rc6 64. Kf2 Rb6 65. Rc3 Rb2+ 66. Kf1 Kh4 67. Ra3 Kg4 68. Rc3 Kf5 69. Ra3 Rd2 70. Rb3 Ke4 71. Ra3 Ke5 1/2-1/2

[Event "European Women Rapid-ch 2023"]
[Site "Monaco"]
[Date "2024.01.14"]
[Round "8.21"]
[White "Krasteva, Beloslava"]
[Black "Schulze, Lara"]
[Result "1-0"]
[ECO "E20"]
[WhiteElo "2251"]
[BlackElo "2285"]
[Annotator "RC"]
[PlyCount "73"]
[EventDate "2023.12.19"]
[EventType "swiss"]
[EventCountry "MNC"]
[SourceTitle "playchess.com"]
[Source "ChessBase"]
[SourceQuality "1"]
[TimeControl "900+10"]

1. d4 Nf6 2. c4 e6 3. Nc3 Bb4 4. f3 c5 5. d5 b5 6. e4 d6 7. Nge2 bxc4 8. Nf4 e5 9. Nfe2 Nbd7 10. Ng3 Nb6 11. Be2 Ng8 12. O-O Ne7 13. Rf2 Ng6 14. Nf1 O-O 15. Ne3 Bxc3 16. bxc3 f5 17. exf5 Bxf5 18. Nxc4 Nxc4 19. Bxc4 Qh4 20. Bf1 Rab8 21. g3 Qf6 22. Be3 Rb7 23. Qd2 h6 24. h4 Bd7 25. Bd3 Ne7 26. f4 Nf5 27. fxe5 Qxe5 28. Bf4 Qxd5 29. Ba6 Qxd2 30. Rxd2 Rb6 31. Bc4+ Kh8 32. Rad1 Nxh4 33. Rxd6 Bg4 34. Rd8 Nf3+ 35. Kf2 Rb8 36. Rxb8 Rxb8 37. Bxb8 1-0

[Event "European Women Rapid-ch 2023"]
[Site "Monaco"]
[Date "2024.01.14"]
[Round "8.22"]
[White "Reizniece-Ozola, Dana"]
[Black "Hejazipour, Mitra"]
[Result "0-1"]
[ECO "A22"]
[WhiteElo "2278"]
[BlackElo "2356"]
[Annotator "RC"]
[PlyCount "84"]
[EventDate "2023.12.19"]
[EventType "swiss"]
[EventCountry "MNC"]
[SourceTitle "playchess.com"]
[Source "ChessBase"]
[SourceQuality "1"]
[TimeControl "900+10"]

1. c4 e5 2. Nc3 Nf6 3. g3 d5 4. cxd5 Nxd5 5. Bg2 Nb6 6. e3 Nc6 7. Nge2 h5 8. h3 Bf5 9. d4 exd4 10. Nxd4 Nxd4 11. exd4 c6 12. O-O Be7 13. Re1 Be6 14. Ne4 h4 15. g4 O-O 16. Nc5 Bd5 17. Nxb7 Qc7 18. Nc5 Bxg2 19. Kxg2 Rad8 20. Ne4 c5 21. Qc2 Rxd4 22. Ng5 Qb7+ 23. Kg1 Bxg5 24. Bxg5 Qd5 25. Bxh4 Nc4 26. Bg3 Nd2 27. Re3 Nf3+ 28. Kf1 Ng5 29. Rae1 Rd2 30. Qxd2 Qxd2 31. h4 Ne6 32. R3e2 Qd5 33. Re5 Qc4+ 34. Kg2 Qxg4 35. R1e4 Qd1 36. h5 Rd8 37. h6 gxh6 38. Re1 Qd4 39. R5e4 Qxb2 40. Be5 Qb7 41. Kh2 Ng5 42. Rg4 Kf8 0-1

[Event "European Women Rapid-ch 2023"]
[Site "Monaco"]
[Date "2024.01.14"]
[Round "8.23"]
[White "Paasikangas, Johanna"]
[Black "Movsesian, Julia"]
[Result "0-1"]
[ECO "D35"]
[WhiteElo "2038"]
[BlackElo "2257"]
[Annotator "RC"]
[PlyCount "68"]
[EventDate "2023.12.19"]
[EventType "swiss"]
[EventCountry "MNC"]
[SourceTitle "playchess.com"]
[Source "ChessBase"]
[SourceQuality "1"]
[TimeControl "900+10"]

1. d4 d5 2. c4 e6 3. Nc3 Nf6 4. cxd5 exd5 5. Bf4 c6 6. e3 Bd6 7. Bg3 O-O 8. Nf3 a5 9. a4 Na6 10. Be2 Re8 11. Ne5 Nb4 12. O-O Qe7 13. Kh1 Bf5 14. Rc1 Rad8 15. f4 Ne4 16. Nxe4 Bxe4 17. Bh5 g6 18. Bf3 Bf5 19. Bg4 Qe6 20. Bxf5 Qxf5 21. Rc3 Kg7 22. Bh4 Be7 23. Bxe7 Rxe7 24. h3 f6 25. Ng4 Rde8 26. Qf3 Nd3 27. Qe2 Nb4 28. Qd2 h5 29. Nf2 Qd7 30. Kh2 Qc7 31. Rg1 Rxe3 32. Nd1 Re2 33. Qc1 Na2 34. Kh1 Kg8 0-1

[Event "European Women Rapid-ch 2023"]
[Site "Monaco"]
[Date "2024.01.14"]
[Round "8.24"]
[White "Lazarne Vajda, Szidonia"]
[Black "Lezhepekova, Veronika"]
[Result "1-0"]
[ECO "B28"]
[WhiteElo "2283"]
[BlackElo "1935"]
[Annotator "RC"]
[PlyCount "97"]
[EventDate "2023.12.19"]
[EventType "swiss"]
[EventCountry "MNC"]
[SourceTitle "playchess.com"]
[Source "ChessBase"]
[SourceQuality "1"]
[TimeControl "900+10"]

1. e4 c5 2. Nf3 a6 3. c3 d5 4. exd5 Qxd5 5. d4 e6 6. Be3 cxd4 7. cxd4 Nf6 8. Nc3 Qd8 9. Bd3 Nc6 10. a3 b5 11. O-O Bb7 12. Qe2 Be7 13. Rad1 Nd5 14. Bc1 O-O 15. Ne4 Rc8 16. Rfe1 Na5 17. Bb1 Nc4 18. Neg5 g6 19. h4 Qc7 20. Ne5 Nxe5 21. dxe5 Qc4 22. g3 Qxe2 23. Rxe2 Rc7 24. Ne4 Rfc8 25. Ree1 b4 26. axb4 Bxb4 27. Bd2 a5 28. Bxb4 axb4 29. Nd6 Ra8 30. Rc1 Rxc1 31. Rxc1 Ba6 32. Be4 Ra7 33. Rd1 Rc7 34. Ra1 Bb7 35. Ra7 Rc1+ 36. Kh2 Bc6 37. Nxf7 Bb5 38. Nh6+ Kf8 39. Rxh7 Ne7 40. Rf7+ Ke8 41. Rf6 Re1 42. Bxg6+ Nxg6 43. Rxg6 Rxe5 44. Rg4 Be2 45. Rxb4 Bf3 46. Rf4 Bd1 47. Ng4 Re2 48. b4 Rb2 49. Ne3 1-0

[Event "European Women Rapid-ch 2023"]
[Site "Monaco"]
[Date "2024.01.14"]
[Round "8.25"]
[White "Gvetadze, Sofio"]
[Black "Mrvova, Alena"]
[Result "1-0"]
[ECO "A31"]
[WhiteElo "2298"]
[BlackElo "2160"]
[Annotator "RC"]
[PlyCount "147"]
[EventDate "2023.12.19"]
[EventType "swiss"]
[EventCountry "MNC"]
[SourceTitle "playchess.com"]
[Source "ChessBase"]
[SourceQuality "1"]
[TimeControl "900+10"]

1. e4 c5 2. Nf3 e6 3. c4 a6 4. Nc3 b6 5. d4 cxd4 6. Nxd4 Bb7 7. Be3 d6 8. Be2 Nd7 9. O-O Ngf6 10. f3 Be7 11. Qd2 O-O 12. a4 Qc7 13. a5 bxa5 14. Nb3 a4 15. Nxa4 Nc5 16. Na5 Bc6 17. Nxc6 Qxc6 18. Qc2 Rab8 19. Nxc5 dxc5 20. e5 Nd7 21. f4 f6 22. Bf3 Qb6 23. Qa4 Rfd8 24. exf6 Bxf6 25. Qxa6 Bd4 26. Bxd4 cxd4 27. b4 Qxa6 28. Rxa6 Rxb4 29. Rxe6 Nc5 30. Re5 Nd3 31. Bd5+ Rxd5 32. cxd5 Nxe5 33. fxe5 d3 34. e6 Re4 35. Rd1 Kf8 36. Rxd3 Ke7 37. Rf3 Kd6 38. Rf7 Kxd5 39. Rxg7 Kxe6 40. Rxh7 Re2 41. Rh3 Kf5 42. Kf1 Ra2 43. Rb3 Kg5 44. Kg1 Rc2 45. h3 Kh4 46. Kh2 Ra2 47. Rb4+ Kg5 48. h4+ Kh5 49. Kh3 Ra1 50. g4+ Kg6 51. Rb6+ Kg7 52. h5 Rh1+ 53. Kg3 Kh7 54. Kf4 Ra1 55. Re6 Ra4+ 56. Re4 Ra1 57. Kf5 Kh6 58. Re6+ Kh7 59. Kg5 Ra5+ 60. Kh4 Ra4 61. Re7+ Kh6 62. Re6+ Kh7 63. Rf6 Rb4 64. Kg5 Rb5+ 65. Rf5 Rb7 66. h6 Rb6 67. Rf7+ Kh8 68. Kh5 Ra6 69. g5 Rb6 70. g6 Rb5+ 71. Kg4 Rb8 72. Kg5 Rb5+ 73. Rf5 Rb8 74. h7 1-0

[Event "European Women Rapid-ch 2023"]
[Site "Monaco"]
[Date "2024.01.14"]
[Round "8.26"]
[White "Dornbusch, Tatiana"]
[Black "Uta, Adeline-Ramona"]
[Result "1-0"]
[ECO "E69"]
[WhiteElo "2218"]
[BlackElo "2036"]
[Annotator "TA"]
[PlyCount "119"]
[EventDate "2023.12.19"]
[EventType "swiss"]
[EventCountry "MNC"]
[SourceTitle "playchess.com"]
[Source "ChessBase"]
[SourceQuality "1"]
[TimeControl "900+10"]

1. d4 Nf6 2. Nf3 g6 3. g3 Bg7 4. Bg2 O-O 5. c4 d6 6. Nc3 c6 7. O-O Qa5 8. h3 e5 9. e4 Nbd7 10. Be3 Re8 11. d5 cxd5 12. cxd5 Nc5 13. Nd2 {[%emt 0:01:09] White is better.} Bd7 $1 14. Qe2 Na4 15. Nxa4 Qxa4 16. b3 {[%emt 0:00:15] Prevents b5} Bb5 17. bxa4 Bxe2 18. Rfb1 b6 19. Bf1 Bxf1 20. Kxf1 Nd7 21. Nc4 Bf8 22. Ke2 (22. Rc1 $14) 22... Rec8 23. Kd3 Nc5+ 24. Bxc5 Rxc5 25. Rb5 Rac8 26. Rxc5 Rxc5 $14 {[%emt 0:00:07][%mdl 4096] Endgame. KRB-KRN} 27. Rb1 f5 {[%emt 0:01:11] And now ...fxe4+ would win.} 28. f3 fxe4+ 29. fxe4 Kf7 30. Rf1+ Kg7 31. g4 Be7 32. Rf2 h5 33. gxh5 gxh5 34. Rf5 Kg6 {[%emt 0:00:09][%cal Oc5d5] White must now prevent ...Rxd5+!} 35. Rf1 Rc8 {[%emt 0:00:25] White leaves nothing to chance now.} 36. Rg1+ Kh6 {[%emt 0:00:14] [#]} (36... Kf7 $14) 37. Ne3 $1 $18 {[%emt 0:00:03] Threatens to win with Nf5+.} Kh7 38. Nf5 Bf8 {[%emt 0:00:01] Inhibits Rg7+.} 39. Rg5 {[%emt 0:00:09] White is more active.} Rc1 (39... Rc5 $16 40. Rxh5+ Kg8) 40. Rxh5+ Kg6 $2 (40... Kg8 {might work better.} 41. h4 Rd1+ 42. Kc4 Rb1 43. Rg5+ Kh8) 41. Rh8 Kf7 42. Rh7+ Kg8 43. Rxa7 {[%emt 0:00:04] aiming for a5.} Rh1 (43... Rf1 $142 44. Rb7 Rd1+ 45. Kc4 Re1) 44. h4 Rd1+ 45. Ke3 Re1+ 46. Kf3 Rf1+ 47. Ke2 Ra1 48. Kf3 $2 (48. Ra6 $18) 48... Rxa2 $2 (48... Rf1+ $11 49. Kg4 Rg1+ 50. Kh5 Re1) 49. Kg4 b5 50. a5 b4 51. Rb7 (51. Kg5 $142 b3 52. Kg6) 51... Rxa5 52. Rxb4 (52. Kg5 $142 Ra4 53. Kg6) 52... Ra1 53. Kg5 {[%emt 0:00:19] Intending Kf6 and mate.} Kf7 54. Rb7+ Kg8 55. Kf6 Ra4 56. Ng3 Ra3 57. Nf5 (57. Nh5 $18 Bh6 58. Kg6) 57... Ra4 58. Rb8 Ra7 59. Nxd6 Ra6 {[%emt 0:00:08] [#]} 60. Kxe5 $1 {[%emt 0:00:02] Weighted Error Value: White=0.44/Black=0.59.  Loses game:     	---       	Black=1      Mistake:       	White=1     	Black=4      Inaccurate:     	White=4     	Black=3      OK:         	White=13    	Black=14     Best:        	White=5     	---        Strong:       	---       	Black=1} 1-0

[Event "European Women Rapid-ch 2023"]
[Site "Monaco"]
[Date "2024.01.14"]
[Round "8.27"]
[White "Exler, Veronika"]
[Black "Froewis, Annika"]
[Result "1/2-1/2"]
[ECO "C68"]
[WhiteElo "2157"]
[BlackElo "2133"]
[Annotator "TA"]
[PlyCount "20"]
[EventDate "2023.12.19"]
[EventType "swiss"]
[EventCountry "MNC"]
[SourceTitle "playchess.com"]
[Source "ChessBase"]
[SourceQuality "1"]
[TimeControl "900+10"]

1. e4 e5 2. Nf3 Nc6 3. Bb5 a6 4. Bxc6 dxc6 5. d4 exd4 6. Qxd4 Qxd4 7. Nxd4 Bd7 8. Be3 O-O-O 9. Nd2 Ne7 10. O-O-O Ng6 {[%emt 0:00:31] Not much happened in this game.   OK:         	---       	Black=2} 1/2-1/2

[Event "European Women Rapid-ch 2023"]
[Site "Monaco"]
[Date "2024.01.14"]
[Round "9.1"]
[White "Kosteniuk, Alexandra"]
[Black "Stefanova, Antoaneta"]
[Result "1/2-1/2"]
[ECO "C50"]
[WhiteElo "2501"]
[BlackElo "2431"]
[Annotator "RC"]
[PlyCount "111"]
[EventDate "2023.12.19"]
[EventType "swiss"]
[EventCountry "MNC"]
[SourceTitle "playchess.com"]
[Source "ChessBase"]
[SourceQuality "1"]
[TimeControl "900+10"]

1. e4 e5 2. Nf3 Nc6 3. Bc4 Bc5 4. d3 Nf6 5. Nc3 a6 6. O-O d6 7. a4 O-O 8. Be3 Bxe3 9. fxe3 Be6 10. Nd2 Bxc4 11. Nxc4 d5 12. exd5 Nxd5 13. Qg4 Nxc3 14. bxc3 b5 15. Nd2 Qc8 16. Qf3 Ne7 17. Nb3 Rb8 18. axb5 axb5 19. Ra7 Rb6 20. Rfa1 Rc6 21. Qe4 Qe6 22. Ra8 g6 23. Qb4 Qd6 24. Qxb5 Rxc3 25. Rxf8+ Kxf8 26. Ra8+ Kg7 27. Qe8 Rxc2 28. Qf8+ Kf6 29. Qh8+ Ke6 30. d4 Qd5 31. Nc5+ Rxc5 32. dxc5 Qd1+ 33. Kf2 Qd2+ 34. Kf1 Qd1+ 35. Kf2 Qd2+ 36. Kf1 Qxe3 37. Qe8 Qc1+ 38. Ke2 Qc4+ 39. Kf3 Qc3+ 40. Ke2 Qc4+ 41. Kf3 Qxc5 42. Rd8 Qc6+ 43. Qxc6+ Nxc6 44. Rc8 Nd4+ 45. Kg4 c6 46. h4 h6 47. Re8+ Kf6 48. h5 Ne6 49. hxg6 fxg6 50. Kf3 Kf5 51. g4+ Kf6 52. Ke4 Ng5+ 53. Ke3 Ne6 54. Ke4 Ng5+ 55. Ke3 Ne6 56. Ke4 1/2-1/2

[Event "European Women Rapid-ch 2023"]
[Site "Monaco"]
[Date "2024.01.14"]
[Round "9.2"]
[White "Osmak, Yuliia"]
[Black "Paehtz, Elisabeth"]
[Result "1/2-1/2"]
[ECO "B30"]
[WhiteElo "2450"]
[BlackElo "2461"]
[Annotator "RC"]
[PlyCount "137"]
[EventDate "2023.12.19"]
[EventType "swiss"]
[EventCountry "MNC"]
[SourceTitle "playchess.com"]
[Source "ChessBase"]
[SourceQuality "1"]
[TimeControl "900+10"]

1. e4 c5 2. Nf3 Nc6 3. Bb5 e6 4. O-O Nge7 5. d4 cxd4 6. Nxd4 Ng6 7. c3 Qb6 8. a4 a6 9. Be2 Be7 10. Na3 Nxd4 11. cxd4 d5 12. e5 Bd7 13. Nc2 Qb3 14. Ne3 Qxd1 15. Rxd1 Rc8 16. Bd2 f6 17. exf6 gxf6 18. g3 Kf7 19. f4 f5 20. Kf2 Bf6 21. Bb4 Ne7 22. Bc5 h5 23. h4 a5 24. Bb6 Ra8 25. b3 Nc8 26. Bc7 Ke7 27. Bf3 Bc6 28. Rac1 Nd6 29. Rc5 Kd7 30. Bxa5 b5 31. axb5 Nxb5 32. Bc3 Be7 33. Bb4 Bxc5 34. dxc5 Ra2+ 35. Rd2 Rxd2+ 36. Bxd2 Kc7 37. Ba5+ Kb7 38. Nc2 Ra8 39. b4 Rh8 40. Be2 Nc3 41. Nd4 Ne4+ 42. Kg2 Bd7 43. Bd3 Ra8 44. Bxe4 dxe4 45. Kf2 Bc6 46. Ke3 Bd5 47. Kf2 Ra6 48. Ke3 Ra8 49. Kf2 Rc8 50. Bb6 Ra8 51. Ba5 Rc8 52. Bb6 Rg8 53. b5 e3+ 54. Kxe3 Rxg3+ 55. Kf2 Rg4 56. Bd8 Rxf4+ 57. Ke3 Re4+ 58. Kd3 Kc8 59. Bg5 f4 60. c6 f3 61. Nxf3 Rb4 62. Nd4 e5 63. Nf5 Be6 64. Nd6+ Kc7 65. Be7 Rd4+ 66. Ke3 Rxd6 67. b6+ Kxc6 68. b7 Kxb7 69. Bxd6 1/2-1/2

[Event "European Women Rapid-ch 2023"]
[Site "Monaco"]
[Date "2024.01.14"]
[Round "9.4"]
[White "Agrest, Inna"]
[Black "Salimova, Nurgyul"]
[Result "1-0"]
[ECO "B12"]
[WhiteElo "2287"]
[BlackElo "2426"]
[Annotator "RC"]
[PlyCount "99"]
[EventDate "2023.12.19"]
[EventType "swiss"]
[EventCountry "MNC"]
[SourceTitle "playchess.com"]
[Source "ChessBase"]
[SourceQuality "1"]
[TimeControl "900+10"]

1. e4 c6 2. d4 d5 3. f3 e6 4. Nc3 Bb4 5. Bd2 Ne7 6. Bd3 Nd7 7. a3 Ba5 8. f4 O-O 9. Nf3 c5 10. e5 h6 11. b4 cxb4 12. Nb5 Nc6 13. O-O Bb6 14. axb4 f6 15. Kh1 a6 16. c3 f5 17. Be1 Rb8 18. Nd6 Qc7 19. Rc1 Ba7 20. c4 dxc4 21. Bxc4 Nb6 22. Bb3 Qe7 23. Nh4 Nd5 24. Ng6 Qd8 25. Nxf8 Qxf8 26. Bxd5 exd5 27. b5 axb5 28. Nxb5 Bb6 29. Qb3 Be6 30. Bf2 Na5 31. Qb1 Nc4 32. Nd6 Nxd6 33. Qxb6 Ne4 34. Qxe6+ Kh8 35. Qxd5 Rc8 36. Bg1 Rd8 37. Qxb7 Qe8 38. Bf2 Qh5 39. Kg1 Kh7 40. d5 Qe2 41. e6 Qd2 42. Rcd1 Qc2 43. Bd4 Rg8 44. e7 Qa4 45. Qc6 Qb4 46. e8=Q Rxe8 47. Qxe8 Nd2 48. Rxd2 Qxd2 49. Qe5 Qxg2+ 50. Kxg2 1-0